Map: 16-Bit LE

Players

Darhalas

  • Race: Terran Terran
  • League: Silver
  • Spawn Location: 7:00

A.I. 1 (Elite) - Winner!

  • Race: Zerg Zerg
  • Spawn Location: 1:00

VOD

Have the link to the VOD?

Description

Time

  • Played on: July 6, 2026, 3:41 a.m.
  • Length: 15:20
Show
View Real Time Build Order
Export as new Build Order

Darhalas Terran 

Build Orders: Command Center First 

Get SALT Encoding   

  8  0:00  SCV  
  9  0:12  SCV  
  10  0:25  Supply Depot  
  10  0:29  SCV  
  11  0:41  SCV  
  12  0:53  SCV  
  13  1:05  SCV  
  14  1:17  SCV  
  15  1:30  SCV  
  16  1:35  Command Center  
  16  1:42  SCV  
  17  1:51  Barracks  
  17  2:03  Supply Depot  
  17  2:05  Refinery  
  17  2:10  Refinery  
  17  2:13  SCV  
  18  2:25  SCV  
  19  2:37  SCV  
  19  2:43  Barracks Tech Lab  
  20  2:46  Barracks  
  20  2:49  SCV  
  21  2:55  SCV  
  22  3:01  SCV  
  22  3:03  Marauder  
  25  3:06  Concussive Shells  
  25  3:13  SCV  
  26  3:21  Orbital Command  
  26  3:28  Marauder  
  26  3:33  SCV  
  29  3:37  Barracks Reactor  
  29  3:45  Factory  
  29  3:51  SCV x2  
  31  3:56  Marauder  
  33  4:12  SCV x2  
  35  4:18  Supply Depot  
  35  4:30  Armory  
  35  4:35  Factory Tech Lab  
  35  4:37  Marine x2, Marauder  
  39  4:42  SCV, Refinery  
  39  4:43  SCV  
  39  4:45  Refinery  
  41  4:56  Supply Depot  
  41  5:04  Widow Mine  
  43  5:07  Marine x2  
  43  5:08  Marauder  
  43  5:10  SCV x2  
  49  5:19  Stimpack  
  49  5:22  SCV x2, Drilling Claws  
  49  5:25  Widow Mine  
  53  5:36  Marine  
  53  5:37  Marine, Marauder  
  57  5:59  Engineering Bay  
  57  6:09  Command Center  
  57  6:21  Marine  
  58  6:27  Supply Depot  
  58  6:30  Supply Depot  
  58  6:36  Orbital Command  
  58  6:41  Smart Servos  
  58  6:48  Marine  
  58  6:49  SCV, Widow Mine, Marauder  
  64  6:55  Starport  
  64  7:00  Marine  
  64  7:01  SCV  
  66  7:04  Combat Shield  
  66  7:06  Marine  
  67  7:10  Widow Mine, Marauder  
  67  7:13  SCV  
  72  7:17  Marine  
  73  7:24  Marine  
  73  7:25  SCV  
  73  7:28  Refinery  
  73  7:29  SCV x2  
  77  7:32  Widow Mine, Marauder  
  77  7:35  Marine  
  82  7:37  SCV  
  82  7:39  Starport Reactor  
  82  7:41  SCV x2  
  85  7:45  Supply Depot  
  85  7:52  Refinery  
  85  8:02  Marauder  
  87  8:06  Thor, Marine x2  
  95  8:23  Engineering Bay  
  95  8:26  Orbital Command  
  95  8:31  Marauder  
  95  8:32  Marine x2  
  75  8:49  Liberator  
  75  8:50  Liberator  
  75  8:51  Widow Mine  
  75  8:52  Marine x2  
  75  8:53  Marauder  
  87  8:58  Supply Depot, Terran Infantry Weapons Level 1  
  87  8:59  Terran Infantry Armor Level 1  
  87  9:09  Marine  
  86  9:10  Marine  
  86  9:16  Thor  
  94  9:23  Factory  
  94  9:35  Terran Vehicle Weapons Level 1  
  94  9:42  Supply Depot  
  94  9:43  Supply Depot  
  94  9:45  SCV x3  
  97  9:57  SCV x2  
  97  9:58  SCV  
  100  10:05  Supply Depot  
  88  10:09  SCV  
  88  10:10  SCV x2  
  79  10:15  Factory Reactor  
  79  10:21  SCV  
  79  10:22  SCV  
  80  10:35  Marine x2, Marauder  
  82  10:36  Thor  
  82  10:38  Liberator x2  
  92  10:51  Supply Depot  
  92  10:55  Widow Mine x2  
  96  10:58  Marine x2  
  96  10:59  Marauder  
  100  11:13  Command Center  
  100  11:15  Supply Depot  
  100  11:16  Marine x2  
  100  11:17  Widow Mine x2  
  106  11:19  Thor  
  106  11:20  Marauder  
  114  11:29  Terran Vehicle And Ship Armor Level 1  
  114  11:38  Supply Depot  
  109  11:46  Liberator  
  109  11:47  Liberator  
  112  11:49  Widow Mine x2  
  112  11:52  Marine x2, Marauder  
  123  12:02  Thor  
  129  12:11  Widow Mine x2  
  103  12:49  Terran Infantry Weapons Level 2  
  103  12:58  Armory  
  103  13:02  Armory  
  103  13:09  Planetary Fortress  
  103  13:13  Refinery  
  103  13:16  Liberator x2  
  109  13:23  Terran Ship Weapons Level 1  
  109  13:28  Refinery  
  109  13:31  Barracks  
  109  13:33  Thor  
  117  13:34  Widow Mine x2  
  117  13:35  Orbital Command  
  117  13:39  Factory  
  107  14:10  Widow Mine x2  
  107  14:11  Marine x2, Marauder  
  107  14:16  Thor  
  114  14:31  Marine x2  
  115  14:54  Barracks Reactor  
  115  14:57  Widow Mine x2  
Show
View Real Time Build Order
Export as new Build Order

A.I. 1 (Elite) Zerg - Winner!

Build Orders: Hatch First 

Get SALT Encoding   

  8  0:00  Drone  
  9  0:11  Drone  
  10  0:17  Drone  
  11  0:23  Drone  
  12  0:34  Overlord  
  12  0:52  Drone x3  
  15  1:02  Drone  
  16  1:12  Drone  
  17  1:23  Hatchery  
  17  1:25  Drone  
  17  1:42  Spawning Pool  
  17  1:44  Extractor  
  17  1:46  Drone  
  16  1:49  Drone  
  16  1:53  Extractor  
  16  1:56  Drone  
  17  2:02  Drone  
  18  2:11  Drone  
  19  2:21  Overlord  
  19  2:31  Zergling x2  
  19  2:34  Lair  
  20  2:39  Drone  
  21  2:59  Queen  
  21  3:03  Drone  
  24  3:07  Drone  
  24  3:12  Drone  
  26  3:17  Drone  
  27  3:21  Drone  
  27  3:25  Drone  
  29  3:28  Drone  
  29  3:32  Drone  
  31  3:35  Drone  
  31  3:41  Overlord  
  32  3:51  Spire  
  32  3:53  Drone  
  32  4:02  Queen  
  34  4:05  Drone  
  34  4:07  Drone  
  34  4:09  Drone  
  37  4:13  Overlord  
  37  4:18  Overlord  
  37  4:41  Zergling x2  
  38  4:46  Roach Warren  
  37  4:56  Hydralisk Den, Mutalisk  
  37  4:57  Mutalisk  
  37  4:59  Mutalisk  
  42  5:00  Mutalisk x2  
  42  5:03  Overlord  
  42  5:06  Extractor  
  42  5:07  Drone  
  46  5:08  Drone  
  46  5:11  Drone  
  46  5:13  Drone  
  49  5:15  Drone  
  49  5:18  Drone  
  49  5:20  Drone  
  52  5:22  Drone  
  52  5:26  Overlord  
  52  5:27  Hydralisk, Roach  
  57  5:30  Roach  
  57  5:34  Roach  
  61  5:37  Roach  
  63  5:45  Overlord, Roach  
  63  5:46  Roach  
  67  5:50  Hydralisk  
  67  5:53  Drone  
  67  5:54  Drone  
  67  5:56  Drone  
  72  6:03  Drone  
  73  6:04  Overlord  
  73  6:07  Drone  
  73  6:09  Overseer  
  74  6:12  Drone, Infestation Pit  
  74  6:15  Drone  
  74  6:17  Drone  
  76  6:19  Drone  
  76  6:21  Drone  
  76  6:22  Drone  
  78  6:26  Overlord  
  78  6:28  Zergling x2  
  78  6:29  Drone  
  80  6:35  Drone  
  80  6:37  Drone  
  82  6:43  Drone  
  82  6:44  Roach x2, Drone, Overlord  
  82  6:46  Roach  
  90  6:49  Roach  
  90  6:50  Infestor  
  94  7:02  Infestor, Overlord  
  94  7:04  Evolution Chamber  
  94  7:07  Evolution Chamber, Drone  
  95  7:12  Hatchery  
  94  7:17  Drone  
  94  7:20  Ravager  
  96  7:23  Roach  
  96  7:29  Extractor, Drone  
  98  7:30  Zerg Missile Weapons Level 1  
  98  7:32  Ravager, Overlord  
  98  7:33  Zerg Ground Armor Level 1  
  98  7:35  Roach  
  101  7:38  Zergling x2  
  101  7:39  Zergling x2  
  101  7:40  Hydralisk  
  105  7:46  Hydralisk  
  107  7:51  Overlord  
  107  7:52  Drone x2  
  107  7:54  Zergling x4  
  107  7:56  Evolution Chamber, Drone  
  107  7:58  Zergling x4  
  113  7:59  Zergling x2  
  113  8:00  Baneling Nest  
  113  8:01  Zergling x2  
  114  8:05  Metabolic Boost  
  114  8:08  Drone  
  114  8:11  Overlord  
  115  8:21  Zerg Melee Weapons Level 1  
  115  8:24  Drone x2  
  115  8:25  Drone x4  
  115  8:26  Drone  
  122  8:28  Drone  
  122  8:31  Extractor  
  122  8:33  Drone  
  109  8:34  Drone  
  109  8:38  Drone  
  90  8:43  Roach  
  90  8:44  Roach  
  90  8:45  Baneling  
  90  8:48  Roach  
  89  8:50  Infestor  
  89  8:51  Extractor, Drone x3, Roach  
  89  8:52  Drone  
  89  8:53  Drone  
  89  8:55  Drone  
  98  8:59  Drone  
  99  9:03  Drone  
  99  9:05  Drone  
  99  9:08  Ravager  
  99  9:09  Roach  
  102  9:13  Drone, Ravager  
  102  9:15  Roach, Baneling x2  
  102  9:16  Spine Crawler, Baneling  
  105  9:19  Drone  
  105  9:22  Hydralisk x2, Queen  
  105  9:23  Infestor, Drone x3, Spine Crawler, Roach  
  118  9:25  Zergling x2  
  118  9:30  Drone  
  120  9:33  Roach  
  120  9:35  Roach  
  124  9:39  Overlord  
  124  9:43  Roach  
  124  9:45  Zergling x2  
  127  9:46  Zerg Missile Weapons Level 2  
  127  9:48  Baneling  
  127  9:49  Zergling x2  
  128  9:52  Zergling x2  
  128  9:54  Zergling x2, Roach x2, Infestor  
  128  9:55  Roach, Zergling x2  
  128  9:58  Overlord  
  137  10:01  Drone  
  137  10:02  Infestor  
  137  10:06  Zergling x2  
  135  10:11  Roach  
  135  10:12  Zerg Ground Armor Level 2, Roach  
  136  10:17  Roach  
  135  10:21  Roach  
  135  10:22  Spore Crawler  
  135  10:23  Drone  
  135  10:25  Hydralisk  
  135  10:27  Spore Crawler, Zerg Melee Weapons Level 2  
  135  10:28  Drone  
  131  10:30  Roach  
  131  10:31  Roach  
  131  10:33  Roach  
  133  10:36  Hydralisk  
  133  10:41  Ravager  
  133  10:42  Hatchery  
  132  10:43  Roach  
  132  10:44  Spine Crawler  
  132  10:46  Spine Crawler  
  132  10:51  Neural Parasite  
  132  10:52  Hatchery  
  132  10:54  Drone  
  132  11:08  Queen  
  134  11:13  Hydralisk  
  134  11:16  Hydralisk  
  138  11:18  Overlord, Zergling x2  
  138  11:21  Roach x2  
  138  11:22  Hydralisk  
  138  11:24  Spore Crawler  
  136  11:25  Drone, Hydralisk  
  136  11:26  Spore Crawler  
  136  11:27  Drone  
  136  11:28  Spine Crawler  
  136  11:30  Drone  
  138  11:38  Zergling x2, Roach  
  137  11:40  Roach  
  137  11:41  Zergling x2  
  137  11:42  Zergling x2  
  137  11:44  Ravager, Infestor  
  139  11:48  Zergling x2  
  139  11:51  Overlord, Hive  
  140  11:56  Corruptor, Drone x3  
  145  12:08  Drone  
  144  12:11  Corruptor  
  144  12:14  Zergling x4  
  144  12:15  Zergling x8  
  146  12:16  Extractor  
  146  12:17  Drone  
  146  12:18  Zergling x2  
  146  12:19  Spine Crawler  
  146  12:20  Drone, Infestor  
  142  12:26  Corruptor  
  142  12:28  Extractor  
  140  12:30  Drone  
  140  12:31  Spore Crawler  
  140  12:32  Drone  
  140  12:34  Spine Crawler  
  140  12:35  Drone  
  140  12:40  Queen  
  142  12:44  Spore Crawler  
  142  12:45  Drone  
  142  13:03  Spine Crawler  
  142  13:04  Drone  
  142  13:06  Ultralisk Cavern, Drone  
  142  13:09  Spore Crawler  
  142  13:10  Drone  
  142  13:12  Spine Crawler  
  141  13:13  Drone  
  141  13:17  Spine Crawler, Drone  
  142  13:25  Spore Crawler  
  142  13:26  Drone  
  142  13:31  Infestor  
  144  13:34  Hatchery  
  144  13:36  Drone  
  144  13:38  Infestor  
  146  13:47  Viper  
  149  13:52  Ultralisk  
  149  13:53  Overlord, Ultralisk, Overseer  
  161  13:55  Spine Crawler  
  161  13:56  Drone, Ultralisk  
  161  13:57  Overseer  
  166  14:04  Corruptor  
  167  14:11  Overlord  
  167  14:13  Zergling x2  
  167  14:14  Ultralisk  
  167  14:15  Spine Crawler  
  167  14:16  Drone  
  167  14:17  Spine Crawler, Corruptor  
  167  14:18  Drone  
  168  14:25  Zergling x2  
  168  14:27  Pneumatized Carapace  
  169  14:38  Spine Crawler  
  168  14:39  Drone  
  168  14:43  Overlord  
  177  14:53  Overseer  
  177  14:58  Extractor  
  170  15:00  Drone  
  170  15:02  Spore Crawler  
  170  15:03  Drone  
  170  15:04  Spore Crawler  
  170  15:05  Drone  
  171  15:13  Extractor  
  176  15:16  Spine Crawler  
Tags
 
Add a new tag
Caveats
  • Supply blocks, unpowered buildings, or Contaminate may cause inaccurate times.
  • Supply counts are checked every 10 seconds.